 Dungeon Crawl Stone Soup version 0.13.2 (webtiles) character file.

239 Morbidden the Slasher (level 4, -5/32 HPs)
             Began as a High Elf Fighter on May 28, 2020.
             Killed by divine providence
             ... invoked by an orc priest
              (15 damage)
             ... on Level 3 of the Dungeon.
             The game lasted 00:04:59 (1128 turns).

Morbidden the Slasher (High Elf Fighter)            Turns: 1128, Time: 00:04:59

HP  -5/32        AC  9     Str 16      XL: 4   Next: 85%
MP   6/6         EV  6     Int 12      God:
Gold 112         SH 19     Dex 14      Spells:  0 memorised,  3 levels left

Res.Fire  : . . .   See Invis. : .   a - +1,+0 elf falchion
Res.Cold  : . . .   Warding    : .   b - +0 elf scale mail
Life Prot.: . . .   Conserve   : .   c - +0 elf shield
Res.Poison: .       Res.Corr.  : .   (no helmet)
Res.Elec. : .       Clarity    : .   h - +0 dwarf cloak
Sust.Abil.: . .     Spirit.Shd : .   n - +0 pair of gauntlets
Res.Mut.  : .       Stasis     : .   (no boots)
Res.Rott. : .       Flight     : .   (no amulet)
Saprovore : . . .                    (no ring)
                                     (no ring)

@: slightly resistant to hostile enchantments, extremely unstealthy
A: no striking features
a: no special abilities


You were on level 3 of the Dungeon.
You were hungry.

You visited 1 branch of the dungeon, and saw 3 of its levels.

You collected 92 gold pieces.

Inventory:

Hand weapons
 a - a +1,+0 elven falchion (weapon)
Missiles
 q - 18 darts (quivered)
 r - 3 poisoned darts
Armour
 b - a +0 elven scale mail (worn)
 c - a +0 elven shield (worn)
 h - a +0 dwarven cloak (worn)
 n - a +0 pair of gauntlets (worn)
Comestibles
 d - a bread ration
 t - a royal jelly
Scrolls
 f - a scroll of teleportation {unknown}
 g - a scroll of enchant weapon I
 i - a scroll of remove curse {unknown}
 m - a scroll of random uselessness {unknown}
 s - a scroll of identify {unknown}
 u - a scroll of enchant weapon II {unknown}
Jewellery
 j - an uncursed amulet of faith {unknown}
Potions
 e - a potion of resistance {unknown}
 k - a potion of curing {unknown}
 l - a potion of restore abilities {unknown}


   Skills:
 * Level 3.4 Fighting
 * Level 3.7 Long Blades
 + Level 0.2 Throwing
 + Level 3.2 Armour
 + Level 1.9 Dodging
 + Level 0.5 Stealth
 + Level 3.3 Shields


You had 3 spell levels left.
You didn't know any spells.

Dungeon Overview and Level Annotations

Branches:
Dungeon (3/27)

Altars:

Annotations:
D:2 Sigmund


Message History

The orc is severely wounded.
The orc priest calls upon Beogh to heal the orc.
The orc is healed somewhat.
You block the orc's attack.
Unknown command.
You hit the orc but do no damage.
The orc is lightly wounded.
The orc priest mumbles some strange prayers to Beogh against you.
Something smites you! The orc hits you but does no damage.
You hit the orc but do no damage.
The orc is lightly wounded.
The orc priest becomes somewhat translucent.
You block the orc's attack.
The orc priest calls upon Beogh to heal the orc.
The orc's wounds heal themselves!
Unknown command.
The orc throws an orcish dagger.
The orcish dagger hits you!
You see here an orcish dagger.
The orc priest calls down the wrath of Beogh upon you.
Something smites you!
You die...

#..........o
#.$.........
##...........
#....o........ #o# #%#
####### #+##o#
#.....####.##.#####.#
#...........@.........
#.............#####.#
#.............#
#.....).......#
#.....%....####
###.....####.#
#.......# #.#
#..#.#### #.# #..#.#
#.#


You could see an orc priest and 2 orcs.

Vanquished Creatures
  An orc priest (D:3)
  An orc wizard (D:3)
  Jessica (D:2)
  Terence (D:3)
  An adder (D:3)
  A giant mite (D:1)
  A giant gecko (D:3)
  2 orcs (D:3)
  A ball python (D:1)
  3 hobgoblins
  4 jackals
  4 bats (D:1)
  A giant cockroach (D:3)
  3 kobolds
  5 rats
30 creatures vanquished.

Notes
Turn   | Place    | Note
--------------------------------------------------------------
     0 | D:1      | Morbidden, the High Elf Fighter, began the quest for the Orb.
     0 | D:1      | Reached XP level 1. HP: 16/16 MP: 1/1
   300 | D:1      | Reached XP level 2. HP: 19/21 MP: 2/2
   686 | D:2      | Noticed Jessica
   691 | D:2      | Killed Jessica
   691 | D:2      | Reached XP level 3. HP: 23/27 MP: 4/4
   842 | D:2      | Noticed Sigmund
   900 | D:3      | Reached skill level 1 in Dodging
   900 | D:3      | Reached XP level 4. HP: 30/32 MP: 6/6
  1002 | D:3      | Noticed Terence
  1034 | D:3      | Killed Terence
  1128 | D:3      | Killed from afar by an orc priest

Action                   |  1- 3 |  4- 6 || total
-------------------------+-------+-------++-------
Melee: Falchion          |    83 |    82 ||   165
Throw: Dart              |     1 |     8 ||     9
  Use: Potion            |     1 |     1 ||     2
       Scroll            |     1 |       ||     1
